Map: King Sejong Station LE

Players

Reynor

  • Race: Zerg Zerg
  • League: Master

LiquidVortiX (Vortix) - Winner!

  • Race: Zerg Zerg
  • League: Master

Event: DreamHack ZOWIE Open Valencia 2016

VOD

Have the link to the VOD?

Description

Time

  • Played on: July 15, 2016, 11:56 a.m.
  • Length: 15:45

All games in this series

Show
View Real Time Build Order
Export as new Build Order

Reynor Zerg 

Build Orders: Pool First 

Get SALT Encoding   

  12  0:01  Drone  
  13  0:12  Overlord  
  13  0:16  Drone  
  14  0:22  Extractor  
  14  0:23  Drone  
  15  0:30  Drone  
  15  0:33  Drone  
  17  0:46  Spawning Pool  
  17  0:49  Drone  
  17  0:54  Extractor  
  17  0:55  Drone  
  17  1:06  Drone  
  18  1:16  Drone  
  19  1:26  Hatchery  
  19  1:32  Zergling x2  
  19  1:37  Queen  
  21  1:44  Overlord  
  21  1:52  Drone  
  22  1:55  Metabolic Boost  
  22  2:03  Zergling x2  
  23  2:10  Drone  
  23  2:13  Queen  
  26  2:21  Drone  
  27  2:33  Zergling x2  
  28  2:38  Zergling x2, Queen  
  28  2:42  Zergling x2  
  32  2:45  Zergling x6  
  32  2:49  Overlord  
  35  2:59  Zergling x2, Baneling Nest  
  35  3:00  Zergling x2  
  36  3:11  Zergling x4  
  38  3:16  Overlord  
  38  3:21  Zergling x2  
  38  3:23  Drone  
  38  3:24  Drone x2  
  42  3:28  Zergling x2  
  42  3:30  Drone  
  44  3:34  Drone  
  44  3:40  Overlord  
  45  3:42  Zergling x4  
  46  3:49  Drone  
  46  3:51  Zergling x2  
  46  3:54  Zergling x4  
  46  3:55  Drone  
  45  3:57  Drone  
  45  3:59  Drone  
  45  4:02  Drone  
  47  4:03  Drone  
  47  4:08  Baneling x2  
  48  4:10  Zergling x2  
  48  4:13  Zergling x2  
  48  4:15  Drone  
  49  4:25  Hatchery  
  49  4:27  Baneling x2  
  49  4:29  Zergling x2  
  49  4:31  Zergling x4  
  49  4:38  Drone x2  
  52  4:41  Zergling x4  
  52  4:42  Zergling x2  
  52  4:43  Baneling  
  53  4:47  Zergling x2  
  53  4:48  Spine Crawler  
  53  4:52  Overlord  
  52  4:54  Baneling  
  52  4:55  Zergling x2  
  46  5:02  Drone  
  46  5:06  Drone  
  44  5:09  Drone  
  44  5:12  Drone  
  43  5:16  Zergling x2, Baneling  
  43  5:21  Zergling x2  
  44  5:25  Zergling x2  
  44  5:27  Baneling  
  44  5:28  Zergling x2  
  46  5:32  Zergling x4  
  46  5:35  Drone  
  49  5:38  Zergling x2  
  49  5:40  Zergling x2  
  51  5:48  Drone x3  
  53  5:51  Drone x3  
  53  5:55  Zergling x2, Roach Warren  
  56  5:59  Baneling x2  
  56  6:01  Zergling x4  
  58  6:08  Zergling x2, Extractor  
  58  6:10  Zergling x2  
  59  6:12  Drone  
  59  6:16  Drone x3  
  63  6:23  Overlord  
  63  6:29  Baneling x2  
  63  6:32  Drone x5  
  68  6:33  Drone  
  68  6:35  Roach  
  70  6:41  Overlord  
  70  6:42  Roach x3  
  70  6:43  Roach x2  
  70  6:44  Zergling x2  
  81  6:50  Overlord  
  81  6:51  Overlord  
  81  6:54  Overlord  
  81  7:00  Overlord  
  81  7:02  Roach x3  
  81  7:03  Roach  
  89  7:10  Roach x2  
  89  7:13  Zergling x4  
  89  7:15  Roach x2  
  97  7:22  Zergling x8  
  85  7:26  Roach  
  85  7:27  Zergling x6  
  79  7:35  Zergling x6  
  78  7:40  Roach x3  
  78  7:42  Zergling x2  
  85  7:46  Zergling x2  
  85  7:47  Baneling x2  
  85  7:48  Zergling x2  
  87  7:52  Roach  
  87  7:56  Zergling x2  
  89  8:01  Zergling x2  
  90  8:07  Zergling x4  
  90  8:10  Roach x2  
  90  8:12  Drone x2  
  98  8:14  Zergling x6  
  100  8:21  Zergling x6  
  94  8:28  Roach  
  94  8:29  Zergling x2  
  94  8:33  Roach  
  95  8:41  Zergling x6  
  89  8:44  Zergling x2  
  89  8:45  Zergling x4  
  89  8:46  Roach  
  84  8:49  Zergling x4  
  84  8:52  Zergling x4  
  84  8:55  Roach  
  84  9:02  Zergling x4  
  84  9:09  Zergling x8  
  82  9:10  Evolution Chamber  
  82  9:12  Ravager x2  
  82  9:13  Ravager  
  82  9:14  Roach x2  
  86  9:17  Roach x2  
  86  9:18  Roach, Zergling x6  
  86  9:22  Zergling x2  
  96  9:25  Roach  
  96  9:29  Roach, Extractor  
  99  9:31  Zergling x2  
  99  9:36  Roach x2  
  99  9:38  Zergling x6  
  107  9:52  Roach x3  
  109  9:54  Zergling x6  
  92  10:05  Zergling x10  
  96  10:07  Drone x3  
  96  10:11  Zergling x2  
  97  10:15  Drone x3  
  97  10:18  Ravager x2  
  102  10:23  Drone x2  
  102  10:24  Zergling x2  
  105  10:40  Baneling x2  
  105  10:48  Drone, Overlord x3  
  105  10:49  Overlord  
  106  10:58  Overlord  
  106  11:06  Roach  
  106  11:07  Roach  
  106  11:09  Roach x6  
  106  11:10  Roach, Drone x2  
  126  11:14  Zerg Missile Weapons Level 1  
  126  11:18  Roach x2  
  130  11:23  Roach x2  
  130  11:24  Drone  
  135  11:33  Roach x4  
  135  11:35  Overlord  
  142  11:41  Roach x2  
  146  11:48  Overlord  
  146  11:50  Overlord  
  146  11:52  Overlord  
  146  12:00  Roach x4  
  154  12:01  Roach  
  154  12:02  Lair  
  154  12:05  Roach  
  150  12:09  Zergling x2  
  150  12:10  Zergling x6  
  150  12:15  Roach x2  
  157  12:21  Roach x3  
  163  12:27  Baneling x2  
  163  12:28  Drone x5  
  168  12:31  Extractor  
  167  12:40  Roach x5  
  167  12:43  Overlord  
  176  12:53  Overlord  
  176  12:55  Overlord  
  176  13:01  Extractor  
  175  13:08  Zerg Missile Weapons Level 2, Glial Reconstitution  
  167  13:20  Drone x7  
  167  13:22  Roach  
  167  13:23  Roach x4  
  167  13:26  Extractor  
  183  13:28  Roach x2  
  183  13:31  Roach x2  
  191  13:37  Roach  
  191  13:38  Overlord  
  193  13:47  Ravager  
  193  13:53  Ravager  
  193  13:54  Overlord  
  194  14:04  Roach x3  
  199  14:15  Hatchery  
  198  14:20  Roach  
  192  14:32  Roach x3  
  192  14:38  Spore Crawler  
  194  14:39  Hydralisk Den  
  180  14:47  Hydralisk Den  
  118  15:00  Roach  
  118  15:06  Roach x7  
  118  15:07  Roach x8  
  108  15:10  Spore Crawler x2, Hydralisk x5  
  108  15:13  Hydralisk  
  109  15:17  Hydralisk  
Show
View Real Time Build Order
Export as new Build Order

LiquidVortiX Zerg - Winner!

Build Orders: 3 Hatch before Pool 

Get SALT Encoding   

  12  0:00  Drone  
  13  0:13  Overlord  
  13  0:17  Drone  
  14  0:31  Drone x2  
  14  0:35  Drone  
  17  0:54  Drone, Hatchery  
  17  0:57  Drone  
  18  1:18  Hatchery  
  18  1:21  Drone  
  18  1:24  Extractor  
  17  1:36  Spawning Pool  
  17  1:38  Drone  
  17  1:45  Drone  
  17  1:46  Drone  
  19  1:49  Drone  
  20  2:00  Drone  
  21  2:22  Queen x2  
  25  2:23  Zergling x4  
  25  2:26  Metabolic Boost  
  26  2:31  Zergling x2  
  26  2:34  Drone  
  28  2:38  Overlord  
  28  2:46  Baneling Nest  
  28  2:49  Drone  
  28  2:52  Drone  
  28  2:56  Drone  
  30  2:58  Drone  
  30  3:04  Zergling x4  
  33  3:10  Zergling x4  
  35  3:13  Zergling x2  
  35  3:17  Zergling x4  
  38  3:23  Overlord  
  38  3:25  Zergling x2  
  39  3:29  Baneling x3  
  39  3:30  Baneling  
  38  3:35  Zergling x4  
  38  3:41  Zergling x4  
  40  3:54  Queen  
  40  3:56  Zergling x2  
  40  3:57  Zergling x6  
  43  4:04  Zergling x4  
  43  4:05  Zergling x2  
  43  4:07  Zergling x2  
  47  4:14  Zergling x2  
  47  4:15  Zergling x2  
  49  4:21  Baneling x3  
  47  4:30  Drone x4  
  48  4:42  Drone  
  48  4:43  Overlord x2  
  48  4:59  Zergling x8  
  48  5:00  Zergling x4  
  48  5:01  Overlord  
  48  5:05  Drone x2  
  48  5:06  Drone  
  50  5:11  Drone x3  
  48  5:17  Zergling x4  
  48  5:18  Zergling x6  
  52  5:29  Extractor  
  52  5:30  Drone, Extractor  
  52  5:31  Drone x2  
  52  5:32  Roach Warren  
  52  5:33  Drone  
  48  5:50  Drone x3  
  51  5:58  Overlord  
  51  6:12  Roach x11  
  51  6:16  Overlord  
  73  6:23  Zergling x8  
  77  6:28  Zergling x6  
  80  6:35  Zergling x8  
  80  6:39  Overlord  
  84  6:43  Overlord  
  84  6:48  Baneling x6  
  84  6:49  Baneling  
  84  6:50  Baneling  
  82  6:55  Overlord  
  82  7:04  Drone x4  
  60  7:30  Roach  
  60  7:31  Roach x10  
  60  7:34  Roach x2  
  60  7:37  Roach  
  76  7:38  Zergling x2  
  76  7:39  Zergling x2  
  76  7:41  Zergling x2  
  76  7:43  Roach  
  81  7:46  Roach  
  81  7:48  Zergling x2  
  81  7:49  Zergling x2  
  85  7:51  Zergling x2  
  85  7:57  Baneling x4  
  86  8:00  Baneling  
  86  8:01  Zergling x2, Baneling  
  86  8:02  Zergling x6  
  92  8:05  Roach  
  92  8:09  Baneling x2  
  92  8:18  Roach x2  
  92  8:19  Roach x2  
  91  8:32  Roach x7  
  95  8:35  Roach  
  95  8:41  Roach x2  
  87  8:52  Roach x4  
  92  8:58  Roach x2  
  92  9:03  Roach x2  
  94  9:10  Zergling x2  
  94  9:11  Zergling x8  
  94  9:14  Zergling x4  
  94  9:15  Zergling x2  
  102  9:18  Ravager  
  102  9:19  Ravager  
  102  9:20  Ravager  
  102  9:21  Ravager  
  102  9:23  Overlord  
  106  9:25  Overlord  
  106  9:30  Baneling  
  106  9:31  Baneling  
  106  9:35  Overlord x2  
  106  9:43  Drone x3  
  109  9:46  Drone x2  
  109  9:48  Evolution Chamber  
  92  10:03  Roach x3  
  90  10:07  Roach  
  90  10:08  Roach x4  
  96  10:18  Zerg Missile Weapons Level 1  
  96  10:25  Drone  
  96  10:26  Drone x8  
  106  10:35  Ravager  
  106  10:36  Roach x2  
  106  10:37  Roach x2  
  106  10:42  Overlord  
  114  10:43  Overlord  
  114  10:48  Lair  
  114  10:54  Roach x3  
  120  11:00  Overlord x2  
  120  11:03  Roach x2  
  120  11:04  Roach  
  126  11:08  Roach x2  
  129  11:12  Roach x2  
  129  11:18  Overlord x2  
  132  11:22  Roach x3  
  138  11:26  Roach  
  138  11:31  Roach  
  138  11:32  Roach x2  
  148  11:40  Roach x3  
  148  11:45  Overlord  
  152  11:49  Glial Reconstitution  
  151  12:07  Roach  
  151  12:08  Roach x7  
  167  12:15  Drone, Extractor x2  
  167  12:16  Drone x2, Extractor  
  167  12:19  Drone x3  
  167  12:20  Drone x3  
  173  12:30  Overlord x2  
  173  12:35  Spire  
  172  12:39  Drone x3  
  172  12:44  Overlord  
  175  12:50  Hatchery  
  167  12:52  Drone  
  167  12:53  Drone x7  
  173  13:16  Drone  
  173  13:17  Drone x3  
  173  13:18  Hatchery  
  171  13:22  Zerg Missile Weapons Level 2  
  171  13:25  Roach x3  
  177  13:28  Ravager  
  177  13:30  Roach x2  
  182  13:48  Mutalisk  
  182  13:49  Mutalisk x5  
  182  13:52  Mutalisk  
  196  13:55  Mutalisk  
  196  13:59  Mutalisk  
  198  14:30  Mutalisk x2  
  192  14:45  Roach x9  
  185  14:54  Roach x7  
  185  14:58  Roach x4  
  185  14:59  Roach x3  
  187  15:04  Roach  
  187  15:05  Roach x2  
  174  15:14  Roach x3  
  174  15:17  Roach  

Tags
 
Add a new tag
Caveats
  • Supply blocks, unpowered buildings, or Contaminate may cause inaccurate times.
  • Supply counts are checked every 10 seconds.